 Dungeon Crawl Stone Soup version 0.30-a0-50-gb2d611f6b1 (webtiles) character file.

Game seed: 1677330148198500879

67 Destapler the Trooper (level 4, -3/40 HPs)
             Began as a Hill Orc Abyssal Knight on Sept 3, 2022.
             Was a Believer of Lugonu.
             Slain by Edmund
             ... wielding a +0 dire flail of holy wrath
              (8 damage)
             ... on level 3 of the Dungeon.
             The game lasted 00:07:59 (3705 turns).

Destapler the Trooper (Hill Orc Abyssal Knight)     Turns: 3705, Time: 00:07:59

Health: -3/40      AC:  8    Str: 19    XL:     4   Next: 16%
Magic:  15/15      EV: 10    Int: 10    God:    Lugonu [**....]
Gold:   256        SH:  0    Dex: 11    Spells: 3/3 levels left

rFire   . . .      SeeInvis .    a - +1 hand axe
rCold   + . .      Faith    .    (no shield)
rNeg    . . .      Spirit   .    l - +1 scale mail
rPois   .          Reflect  .    (no helmet)
rElec   .          Harm     .    (no cloak)
rCorr   .          Rampage  .    m - +0 pair of gloves of Woprel {rC+ Str+2 Stlth+}
Will    .....                    (no boots)
Stlth   ..........               (no amulet)
HPRegen 0.13/turn                o - ring of willpower
MPRegen 0.14/turn                w - ring of magical power

@: silenced, weak-willed, invisible
A: no striking features
a: Renounce Religion


You were on level 3 of the Dungeon.
You worshipped Lugonu.
Lugonu was pleased with you.
You visited 1 branch of the dungeon, and saw 4 of its levels.
You visited the Abyss 1 time.

You collected 256 gold pieces.

Inventory:

Hand Weapons
 a - a +1 hand axe (weapon)
 r - a +2 trident of venom
Missiles
 f - 54 stones
 q - 4 javelins
Armour
 b - a +0 leather armour
 l - a +1 scale mail (worn)
 m - the +0 pair of gloves of Woprel (worn) {rC+ Str+2 Stlth+}
   (You found it on level 2 of the Dungeon)

   Str:       It affects your strength (+2).
   rC:        It protects you from cold.
   Stlth:     It makes you more stealthy.
Jewellery
 o - a ring of willpower (left hand)
 w - a ring of magical power (right hand)
Scrolls
 c - 2 scrolls of enchant armour
 e - a scroll of fog
 g - a scroll of magic mapping {unknown}
 n - a scroll of poison {unknown}
 p - a scroll of identify {unknown}
Potions
 k - a potion of invisibility
 s - a potion of attraction {unknown}
 t - a potion of mutation {unknown}
 u - a potion of curing {unknown}
 v - a potion of resistance {unknown}


   Skills:
 + Level 4.1 Fighting
 + Level 3.5 Axes
 + Level 0.1 Throwing
 + Level 2.8 Armour
 + Level 1.4 Dodging
 + Level 0.1 Shields
 + Level 3.2 Invocations


You had 3 spell levels left.
You didn't know any spells.
Your spell library contained the following spells:

 Spells                   Type           Power      Damage    Failure   Level
 Summon Small Mammal      Summ           0%         N/A       75%         1
 Sublimation of Blood     Necr           0%         N/A       86%         2
 Wereblood                Tmut           0%         N/A       86%         2
 Call Canine Familiar     Summ           0%         N/A       98%         3
 Summon Guardian Golem    Hex/Summ       0%         N/A       98%         3
 Summon Hydra             Summ           0%         N/A       100%        7


Dungeon Overview and Level Annotations

Branches:
Dungeon (4/15)
 Temple: D:4-7

Altars:

Annotations:
D:3 Edmund


Message History

You slash Edmund!
Edmund is moderately wounded.
Edmund closely misses you. Edmund misses you.
You feel less invigorated.
You feel less confused.
You hit Edmund.
Edmund is moderately wounded.
Edmund barely misses you.
You hit Edmund.
Edmund is heavily wounded.
Edmund hits you but does no damage.
You hit Edmund but do no damage.
Edmund is heavily wounded.
Edmund hits you with a +0 dire flail of holy wrath!
You hit Edmund but do no damage.
Edmund is heavily wounded.
Edmund hits you with a +0 dire flail of holy wrath!
You hit Edmund but do no damage.
Edmund is heavily wounded.
Edmund hits you but does no damage.
You hit Edmund.
Edmund is heavily wounded.
Edmund hits you with a +0 dire flail of holy wrath.
* * * LOW HITPOINT WARNING * * *
You hit Edmund but do no damage.
Edmund is heavily wounded.
Edmund closely misses you.
You hit Edmund.
Edmund is severely wounded.
Edmund barely misses you.
Edmund hits you with a +0 dire flail of holy wrath.
* * * LOW HITPOINT WARNING * * *
You hit Edmund but do no damage.
Edmund is severely wounded.
Edmund hits you with a +0 dire flail of holy wrath!
* * * LOW HITPOINT WARNING * * *
You fade into invisibility!
Edmund hits you with a +0 dire flail of holy wrath!
You die...

.# #.#.#..#.###.# #... .#
#.#.#..#.###'######.#. .#
#.#.#..#.##......##.#. .#
#.#.#..#.##......##.#. .#
#.#.#..#)##......##.#. .#
#.#.#..#.##......##.#. .#
#.#.#....##......##.#. .#
#####.#'#............##.#.
.#
#......>@@...........##.#.
.#
#.........####.......##.##
.#
#.........#...............
.#
#..............########.#.
.#
#####'#.#......#........#.
.# #.#.#......#..........
.# #.#.#.....####.###.###
.# #.#.#.....+...........
.# #.#.##....####.###.###


You could see Edmund (unable to see you, weak-willed).

Vanquished Creatures
  2 adders (D:2)
  A dart slug (D:1)
  An orc (D:3)
  2 ball pythons
  2 bats
  4 endoplasms
  3 giant cockroaches
  6 goblins
  5 hobgoblins
  2 jackals (D:2)
  3 quokkas (D:1)
  2 frilled lizards
  5 kobolds
  4 rats (D:1)
42 creatures vanquished.

Notes
Turn   | Place    | Note
-------+----------+-------------------------------------------
     0 | Abyss:1  | Destapler the Hill Orc Abyssal Knight began the quest for
                  | the Orb.
     0 | Abyss:1  | Reached XP level 1. HP: 19/19 MP: 2/2
    49 | Abyss:1  | Found a corrupted altar of Lugonu.
   195 | Abyss:1  | Noticed a large abomination
   204 | Abyss:1  | Noticed an iron imp
   274 | Abyss:3  | Noticed a nagaraja simulacrum
   305 | Abyss:3  | Found a corrupted altar of Lugonu.
   312 | Abyss:3  | Noticed a raiju
   312 | Abyss:3  | Noticed a wretched star
   313 | D:1      | Escaped the Abyss
   390 | D:1      | Reached ** piety under Lugonu
   478 | D:1      | Reached skill level 1 in Dodging
   478 | D:1      | Reached XP level 2. HP: 16/27 MP: 3/3
   797 | D:1      | Found a faded altar of an unknown god.
  1212 | D:1      | Reached XP level 3. HP: 30/33 MP: 5/5
  1700 | D:2      | Reached skill level 4 in Fighting
  1949 | D:2      | Identified the +0 pair of gloves of Woprel {rC+ Str+2
                  | Stlth+}
  3134 | D:3      | Reached XP level 4. HP: 40/40 MP: 6/6
  3658 | D:4      | Noticed Edmund
  3705 | D:3      | Slain by Edmund

Illustrated notes

Levels and vault maps discovered:
D:1:      minmay_arrival_open_corners, layout_rooms,
          chequers_ecumenical_altar_lobes, chequers_serial_rivers_room_a
D:2:      layout_basic
D:3:      layout_basic
D:4:      layout_rooms, nicolae_shop_dragon_depot, corexii_leaking_fountain,
          uniq_edmund

Skill      XL: |  1  2  3 |
---------------+----------+-----
Dodging        | 1 |  1.4
Axes           | 3 |  3.5
Fighting       | 4 |  4.1
Invocations    | 3 |  3.2
Throwing       | |  0.1
Armour         | |  2.8
Shields        | |  0.1

Action                   |  1- 3 |  4- 6 || total
-------------------------+-------+-------++-------
Melee: Hand axe          |   111 |    34 ||   145
Invok: Depart the Abyss  |     1 |       ||     1
       Bend Space        |       |     1 ||     1
  Use: Scroll            |       |     5 ||     5
       Potion            |       |     3 ||     3
Armor: Leather armour    |    21 |       ||    21
       Scale mail        |    12 |     7 ||    19
Dodge: Dodged            |    73 |    22 ||    95

Table legend: (Time is in decaauts)
 A = Elapsed time spent in this place.
 B = Non-inter-level travel time spent in this place.
 C = Inter-level travel time spent in this place.
 D = Time resting spent in this place.
 E = Time spent auto-exploring this place.
 F = Levels seen in this place.
 G = Mean time per level.
                   A        B        C        D        E       F      G
               +--------+--------+--------+--------+--------+-----+--------+
         Total |   3725 |   3477 |    248 |      0 |   2924 |   7 |  532.1 |
       Dungeon |   3411 |   3163 |    248 |      0 |   2730 |   4 |  852.8 |
         Abyss |    313 |    313 |      0 |      0 |    194 |   3 |  104.3 |
               +--------+--------+--------+--------+--------+-----+--------+

Top non-repeatable levels by time:
     D:1: 1159 daAuts
     D:3: 1111 daAuts
     D:2: 876 daAuts
     D:4: 264 daAuts
 Abyss:1: 215 daAuts
 Abyss:3: 66 daAuts
 Abyss:2: 31 daAuts
